 Dungeon Crawl Stone Soup version 0.28-a0-794-gafe8c5f9e9 (webtiles) character file.

Game seed: 9409250763586113152

2648 vurker the Magician (level 9, -2/67 HPs)
             Began as a Djinni Air Elementalist on Nov 5, 2021.
             Was a Follower of Makhleb.
             Killed from afar by a gargoyle (12 damage)
             ... with a stone arrow
             ... on level 7 of the Dungeon.
             The game lasted 00:10:24 (10364 turns).

vurker the Magician (Djinni Air Elementalist)      Turns: 10364, Time: 00:10:25

Health: -2/67      AC:  7    Str:  7    XL:     9   Next: 93%
Gold:   376        EV: 13    Int: 20    God:    Makhleb [*.....] SH:  0 Dex: 14

rFire   + + .      SeeInvis .   c - +3 dagger (drain)
rCold   x . .      Faith    .   (no shield)
rNeg    . . .      Spirit   .   e - +2 leather armour {Will+}
rPois   ∞          Reflect  .   (no helmet)
rElec   .          Harm     .   (no cloak)
rCorr   .          Rampage  .   r - +1 pair of gloves
Will    +....                   (boots unavailable)
Stlth   ++........              b - amulet of the acrobat
HPRegen 0.21/turn               (no ring)
MPRegen 0.00/turn               (no ring)

@: flying
A: sickness immunity, fire resistance 2, cold vulnerability 1, float, innate
caster, hp casting, extra vitality 1
a: Renounce Religion


You were on level 7 of the Dungeon.
You worshipped Makhleb.
Makhleb was aware of your devotion.
You visited 2 branches of the dungeon, and saw 8 of its levels.

You collected 376 gold pieces.

Inventory:

Hand Weapons
 c - a +3 dagger of draining (weapon)
   (You took it off a goblin on level 1 of the Dungeon)
Armour
 e - a +2 leather armour of willpower (worn)
   (You took it off an orc on level 4 of the Dungeon)
 r - a +1 pair of gloves (worn)
   (You found it on level 4 of the Dungeon)
 u - a +1 robe of fire resistance
   (You took it off a gnoll shaman on level 6 of the Dungeon)
Jewellery
 b - an amulet of the acrobat (around neck)
   (You found it on level 5 of the Dungeon)
Wands
 v - a wand of polymorph (13)
   (You found it on level 6 of the Dungeon)
Scrolls
 a - a scroll of silence
 h - a scroll of blinking
 i - a scroll of fog
 m - a scroll of enchant weapon
 n - 4 scrolls of enchant armour
 p - a scroll of fear {unknown}
 q - 2 scrolls of identify
Potions
 d - a potion of ambrosia {unknown}
 f - 2 potions of attraction {unknown}
 g - 2 potions of heal wounds
 j - a potion of curing {unknown}
 k - a potion of lignification {unknown}
 l - a potion of haste
 o - 2 potions of resistance
 s - a potion of brilliance {unknown}
 t - 2 potions of magic {unknown}


   Skills:
 + Level 6.5 Fighting
 + Level 4.7 Dodging
 - Level 1.5 Stealth
 * Level 7.7 Spellcasting
 + Level 3.6 Invocations


You had 4 spell levels left.
You knew the following spells:

 Your Spells              Type           Power      Damage    Failure   Level
a - Shock                 Conj/Air       100%       1d9       1%          1
b - Static Discharge      Conj/Air       38%        N/A       1%          2
c - Airstrike             Air            19%        N/A       5%          4
d - Swiftness             Air            38%        N/A       1%          3
e - Sting                 Tmut/Pois      100%       1d8       1%          1
f - Searing Ray           Conj           76%        2d7       1%          2
g - Ensorcelled Hibernat  Hex/Ice        76%        N/A       1%          2
h - Iskenderun's Mystic   Conj/Tloc      38%        2d9       5%          4
Your spell library was empty.

Dungeon Overview and Level Annotations

Branches:
Dungeon (7/15)             Temple (1/1) D:5

Altars:
Ashenzari
Cheibriados
Elyvilon
Fedhas
Hepliaklqana
Kikubaaqudgha
Makhleb
Nemelex Xobeh
Okawaru
Qazlal
Ru
Sif Muna
Vehumet
Wu Jian
Xom
Yredelemnul
The Shining One

Annotations:
D:6 2 transporters, amoeba's ghost, weakling MiFi


Innate Abilities, Weirdness & Mutations

You are immune to sickness and miasma.
You are immune to poison.
Your flesh is very heat resistant. (rF++)
You are vulnerable to cold. (rC-)
You float through the air rather than walking.
You learn spells naturally, not from books.
Your magical power is your life essence.
You have superior vitality. (+4 HP)


Message History

Makhleb accepts your kill.
You can't see any susceptible monsters within range! (Use Z to cast anyway.)
You can't see any susceptible monsters within range! (Use Z to cast anyway.)
You reach down and close the door.
You reach down and open the door.
There is an open door here.
Found a stone staircase leading down.
Found a glowing golden altar of the Shining One.
Found a sacrificial altar of Ru.
Found a snail-covered altar of Cheibriados.
Found a stone staircase leading up.
Found a club.
Found a stone staircase leading down.
Found 11 gold pieces.
You now have 376 gold pieces (gained 11).
Found a small pearl amulet.
w - an amulet of faith
Okay, then.
Drop what? 23/52 slots (_ for help) (? for menu, Esc to quit)
Autopickup disabled for amulets of faith.
You drop an amulet of faith.
A gargoyle comes into view. It is wielding a +4 quarterstaff.
Found a hazy altar of Hepliaklqana.
Aim: a gargoyle, wielding a +4 quarterstaff (dormant, empty space bonus: 5/8)
The air twists around and strikes the gargoyle.
The gargoyle hurls a stone arrow at you.
The stone arrow hits you!
Aim: a gargoyle, wielding a +4 quarterstaff (lightly damaged, empty space bonus: 5/8)
The air twists around and strikes the gargoyle!
Aim: a gargoyle, wielding a +4 quarterstaff (thin mist, severely damaged, empty space bonus: 5/8)
The air twists around and strikes the gargoyle!
The gargoyle hurls a stone arrow at you.
The stone arrow hits you!
Aim: a gargoyle, wielding a +4 quarterstaff (thin mist, almost destroyed, empty space bonus: 5/8)
The air twists around and strikes the gargoyle but does no damage.
Aim: a gargoyle, wielding a +4 quarterstaff (thin mist, almost destroyed, empty space bonus: 5/8)
The air twists around and strikes the gargoyle.
* * * LOW HITPOINT WARNING * * *
Aim: a gargoyle, wielding a +4 quarterstaff (thin mist, almost destroyed, empty space bonus: 5/8)
The air twists around and strikes the gargoyle but does no damage.
* * * LOW HITPOINT WARNING * * *
The gargoyle hurls a stone arrow at you.
The stone arrow hits you!
* * * LOW HITPOINT WARNING * * *
Aim: a gargoyle, wielding a +4 quarterstaff (thin mist, almost destroyed, empty space bonus: 5/8)
The air twists around and strikes the gargoyle but does no damage.
* * * LOW HITPOINT WARNING * * *
The gargoyle hurls a stone arrow at you.
The stone arrow hits you!
You die...

......# #.# #.###.###.#
..# ##.(.## ### ##.##
#.# # #.# .# ####.####
..#
#....#"§#######§..###
##.####§§§§§§§@9§.....
#......§§§§§§§§§§#..._
#
#...##..§§§§§§§.§§....
###....#.§§#######§..##
'.........## ...#
###....#.## .8.# #
#.#.##.# ..# #......#
### ###.####


You could see a gargoyle.

Vanquished Creatures
  Sigmund (D:6)
  A steam dragon (D:7)
  A water moccasin (D:7)
  An orc warrior (D:6)
  2 necrophages
  A hornet zombie (D:6)
  2 ice beasts (D:6)
  2 ogres
  A phantom (D:6)
  A kobold brigand (D:7)
  Blork the orc (D:5)
  2 bullfrogs
  A wyvern zombie (D:7)
  2 scorpions
  2 killer bees (D:7)
  A centaur zombie (D:5)
  3 jellies
  3 centaur skeletons
  A hound (D:4)
  2 gnoll shamans
  2 orc priests
  5 iguanas
  An orc wizard (D:6)
  A hound zombie (D:5)
  2 hound skeletons
  17 gnolls
  2 howler monkey skeletons
  9 adders
  A white imp (D:7)
  An ufetubus (D:6)
  2 worms
  11 dart slugs
  17 orcs
  5 endoplasms
  A giant cockroach (D:3)
  6 goblins
  3 hobgoblins
  4 jackals (D:1)
  2 quokkas
  9 ball pythons
  5 bats
  2 frilled lizards (D:2)
  9 kobolds
  6 rats
154 creatures vanquished.

Vanquished Creatures (others)
  29 plants
29 creatures vanquished.

Grand Total: 183 creatures vanquished

Notes
Turn   | Place    | Note
-------+----------+-------------------------------------------
     0 | D:1      | vurker the Djinni Air Elementalist began the quest for the
                  | Orb.
     0 | D:1      | Reached XP level 1. HP: 15/15 MP: 0/0
    17 | D:1      | Found a faded altar of an unknown god.
   328 | D:1      | Reached XP level 2. HP: 18/22 MP: 0/0
   461 | D:1      | Reached skill level 1 in Fighting
  1118 | D:1      | Reached XP level 3. HP: 25/27 MP: 0/0
  1118 | D:1      | Learned a level 1 spell: Sting
  1231 | D:1      | Reached skill level 3 in Spellcasting
  1638 | D:2      | Reached XP level 4. HP: 27/33 MP: 0/0
  1774 | D:2      | Reached XP level 5. HP: 28/38 MP: 0/0
  1774 | D:2      | Learned a level 2 spell: Searing Ray
  2005 | D:2      | Reached skill level 4 in Spellcasting
  2943 | D:3      | Reached XP level 6. HP: 40/45 MP: 0/0
  4364 | D:4      | Reached XP level 7. HP: 30/50 MP: 0/0
  4364 | D:4      | Learned a level 2 spell: Ensorcelled Hibernation
  4824 | D:4      | Reached skill level 5 in Spellcasting
  4907 | D:4      | Found a broken altar of Ashenzari.
  4907 | D:4      | Found an iron altar of Okawaru.
  5378 | D:5      | Entered Level 5 of the Dungeon
  5724 | D:5      | Found a staircase to the Ecumenical Temple.
  5732 | D:5      | Reached XP level 8. HP: 50/58 MP: 0/0
  5733 | Temple   | Entered the Ecumenical Temple
  5901 | Temple   | Became a worshipper of Makhleb the Destroyer
  6024 | D:5      | Noticed Blork the orc
  6028 | D:5      | Killed Blork the orc
  6029 | D:5      | Reached skill level 6 in Spellcasting
  6302 | D:5      | Reached skill level 5 in Fighting
  6950 | D:6      | Reached skill level 1 in Invocations
  7049 | D:6      | Found a shimmering altar of Xom.
  7222 | D:6      | Noticed Sigmund
  7327 | D:6      | Killed Sigmund
  7328 | D:6      | Reached XP level 9. HP: 57/65 MP: 0/0
  7328 | D:6      | Learned a level 4 spell: Iskenderun's Mystic Blast
  7706 | D:6      | Found a transporter.
  7708 | D:6      | Noticed amoeba's ghost (weakling MiFi)
  7931 | D:6      | Reached skill level 7 in Spellcasting
  8468 | D:6      | Reached * piety under Makhleb
  8861 | D:6      | Identified the +3 buckler "Pizyefor" {rElec Dex+7}
  8899 | D:6      | Found a transporter.
  9004 | D:6      | Found a stormy altar of Qazlal.
 10246 | D:7      | Found a glowing golden altar of the Shining One.
 10314 | D:7      | Found a sacrificial altar of Ru.
 10316 | D:7      | Found a snail-covered altar of Cheibriados.
 10357 | D:7      | Found a hazy altar of Hepliaklqana.
 10357 | D:7      | Noticed a gargoyle
 10364 | D:7      | Killed from afar by a gargoyle

Illustrated notes

Levels and vault maps discovered:
D:1:      lemuel_arrival_funnel, layout_basic,
          chequers_ecumenical_altar_simple_redux
D:2:      layout_basic, kennysheep_potato
D:3:      layout_loops_cross
D:4:      layout_loops_corners, jmf_multi_god_temple, minmay_misc_feat_room
D:5:      layout_rooms, lemuel_tele_altar, minmay_temple_entry_glassed_door,
          guppyfry_early_lair_pool, uniq_blork_the_orc
D:6:      kennysheep_slugbush, layout_loops_ring,
          mainiacjoe_overflow_small_starburst,
          mainiacjoe_overflow_cross_hatched, gammafunk_ghost_gnarly_gnolls,
          dk_noncrumbling_2, uniq_sigmund
D:7:      layout_loops_corners, tso_metal_star,
          beargit_hepliaklqana_dungeon_heroes,
          chequers_temple_overflow_statue_of_worship
Temple:   minmay_temple_forest_path

Skill      XL: |  1  2  3  4  5  6  7  8  9 |
---------------+----------------------------+-----
Fighting       | 1 2 3 4 5 6 |  6.5
Spellcasting   | 3 4 5 6 7 |  7.7
Invocations    | 1 3 |  3.6
Dodging        | 3 4 |  4.7
Stealth        | |  1.5

Action                   |  1- 3 |  4- 6 |  7- 9 || total
-------------------------+-------+-------+-------++-------
Melee: Dagger            |       |     1 |       ||     1
 Cast: Shock             |    66 |   128 |    76 ||   270
       Airstrike         |       |       |   114 ||   114
  Use: Scroll            |       |       |    15 ||    15
Armor: Robe              |       |     7 |     5 ||    12
       Leather armour    |       |       |     4 ||     4
Dodge: Dodged            |     5 |    17 |    40 ||    62

Table legend: (Time is in decaauts)
 A = Elapsed time spent in this place.
 B = Non-inter-level travel time spent in this place.
 C = Inter-level travel time spent in this place.
 D = Time resting spent in this place.
 E = Time spent auto-exploring this place.
 F = Levels seen in this place.
 G = Mean time per level.
                   A        B        C        D        E       F      G
               +--------+--------+--------+--------+--------+-----+--------+
         Total |  10372 |   9925 |    447 |    700 |   8260 |   8 | 1296.5 |
       Dungeon |  10162 |   9765 |    397 |    700 |   8109 |   7 | 1451.7 |
        Temple |    209 |    159 |     50 |      0 |    151 |   1 |  209.0 |
               +--------+--------+--------+--------+--------+-----+--------+

Top non-repeatable levels by time:
     D:4: 1805 daAuts
     D:5: 1726 daAuts
     D:6: 1638 daAuts
     D:1: 1628 daAuts
     D:2: 1369 daAuts
     D:7: 1218 daAuts
     D:3: 775 daAuts
  Temple: 209 daAuts
